 Dungeon Crawl Stone Soup version bcrawl-1.21.3-2-g9d8a61a446 (webtiles) character file.

Game seed: 4516500516396009974

42845 Dyss the Devastator (level 14, 0/94 HPs)
             Began as a Fairy Conjurer on Apr 26, 2020.
             Was an Elder of Vehumet.
             Slain by a wyvern (16 damage)
             ... on level 6 of the Lair of Beasts.
             The game lasted 00:25:44 (17056 turns).

Dyss the Devastator (Fairy Conjurer)               Turns: 17056, Time: 00:25:44

Health: 0/94       AC: 11    Str: 10    XL:     14   Next: 21%
Magic:  22/39      EV: 24    Int: 27    God:    Vehumet [****..]
Gold:   1575       SH:  7    Dex: 13    Spells: 25/34 levels left

rFire    . . .     SeeInvis .   W - +5 spear "Uddiuh" {venom, Int+3}
rCold    . . .     Gourm    .   (shield restricted)
rNeg     + . .     Faith    .   (armour unavailable)
rPois    .         Spirit   .   J - +0 helmet (curse)
rElec    .         Reflect  .   (no cloak)
rCorr    .         Harm     .   I - +1 pair of gloves
MR       +....                  V - +0 pair of boots "Ekecrel" {Str+4}
Stlth    +.........             (no amulet)
HPRegen  0.25/turn              P - ring of magical power
MPRegen  0.26/turn              y - ring of positive energy

@: lethally poisoned (0 -> -5), flying evasively, contaminated, glowing
A: small, magic attunement, unstealthy, unfitting armour, able to fly, AC/SH +7
a: Stop Flying, Renounce Religion


You were on level 6 of the Lair of Beasts.
You worshipped Vehumet.
Vehumet was greatly pleased with you.
You were not hungry.

You visited 3 branches of the dungeon, and saw 17 of its levels.
You also visited: Sewer and Ossuary.

You collected 1575 gold pieces.

Inventory:

Hand Weapons
 W - the +5 spear "Uddiuh" (weapon) {venom, Int+3}
   (You found it on level 5 of the Lair of Beasts)

   It poisons the flesh of those it strikes.
   It affects your intelligence (+3).
Armour
 m - a +0 pair of gloves
 I - a +1 pair of gloves (worn)
 J - a cursed +0 helmet (worn)
 K - a +0 pair of boots
 V - the +0 pair of boots "Ekecrel" (worn) {Str+4}
   (You found it on level 4 of the Lair of Beasts)

   It affects your strength (+4).
Jewellery
 g - an uncursed ring of fire
 y - a ring of positive energy (right hand)
 E - an uncursed ring of resist corrosion
 G - a +1 ring of slaying
 O - a +3 ring of strength {unknown}
 P - a ring of magical power (left hand)
Wands
 f - a wand of flame (39)
 i - a wand of enslavement (10)
 v - a wand of disintegration (16)
 C - a wand of random effects (6)
 H - a wand of polymorph (14)
 L - a wand of iceblast (15)
 M - a wand of digging (14)
 N - a wand of paralysis (13)
 T - a wand of acid (5)
Scrolls
 a - 5 scrolls of magic mapping
 c - 5 scrolls of identify
 h - 8 scrolls of teleportation
 n - 4 scrolls of amnesia
 o - 3 scrolls of fog
 p - 2 scrolls of remove curse
 q - 3 scrolls of immolation
 s - 2 scrolls of noise
 t - 7 scrolls of blinking
 B - 6 scrolls of enchant armour
 D - 2 scrolls of enchant weapon
 F - 3 scrolls of fear
 Q - a scroll of brand weapon {unknown}
 R - a scroll of summoning {unknown}
 S - 2 scrolls of vulnerability {unknown}
Potions
 b - 2 potions of magic
 d - 2 potions of heal wounds
 j - 2 potions of degeneration {unknown}
 k - 4 potions of flight
 l - 5 potions of brilliance {unknown}
 r - 2 potions of haste {unknown}
 u - 3 potions of curing {unknown}
 w - a potion of mutation {unknown}
 x - 4 potions of lignification {unknown}
 z - a potion of agility {unknown}
 A - 7 potions of might {unknown}
 U - a potion of invisibility {unknown}
Comestibles
 e - 28 rations {!d}
 X - 3 chunks of flesh


   Skills:
 + Level 8.1 Fighting
 + Level 11.6 Dodging
 - Level 1.5 Stealth
 + Level 10.8 Spellcasting
 * Level 19.1 Conjurations
 + Level 8.8 Transmutations


You had 25 spell levels left.
You knew the following spells:

 Your Spells              Type           Power        Failure   Level  Hunger
a - Magic Dart            Conj           ####         0%          1    None
b - Iskenderun's Mystic   Conj           #######.     0%          3    None
c - Irradiate             Conj/Tmut      ######....   1%          5    None

Your spell library contained the following spells:

 Spells                   Type           Power        Failure   Level  Hunger
 Lightning Bolt           Conj/Air       ######....   1%          5    None
 Searing Ray              Conj           #######.     0%          2    None
 Beastly Appendage        Tmut           ######       1%          1    None
 Sticks to Snakes         Tmut           ######..     1%          2    None
 Spider Form              Tmut/Pois      ###          1%          3    None
 Fulminant Prism          Conj/Hex       ######....   1%          4    None
 Blade Hands              Tmut           ######....   2%          5    None
 Ice Form                 Ice/Tmut       #####...     6%          4    None


Dungeon Overview and Level Annotations

Branches:
Dungeon (10/12)            Temple (1/1) D:6            Lair (6/6) D:8
 Shoals (0/3) Lair:3        Snake (0/3) Lair:4        Slime (0/5) Lair:5
    Orc: D:8-11

Altars:
Ashenzari
Cheibriados
Dithmenos
Elyvilon
Fedhas
Gozag
Hepliaklqana
Kikubaaqudgha
Lugonu
Makhleb
Nemelex Xobeh
Okawaru
Qazlal
Ru
Sif Muna
Trog
Uskayaw
Vehumet
Wu Jian
Xom
Yredelemnul
Zin
The Shining One
Jiyva

Shops:
D:4 [   D:7 ?   D:8 *(%   D:10 }


Innate Abilities, Weirdness & Mutations

Your spells do not cause hunger and MP costs are reduced by 1.
Your bright wings attract enemies. (Stealth-)
You cannot fit into any form of body armour.
Your shimmering scales are hard and can block incoming attacks. (AC +7, SH +7)
You are small and have problems with some larger weapons.
You can fly continuously.


Message History

Vehumet accepts your kill.
You feel your power returning.
The mystic blast hits the wyvern!!
The wyvern is severely wounded.
The mystic blast hits the water moccasin!!
The water moccasin is almost dead.
You feel sick. The water moccasin closely misses you.
A wyvern comes into view.
Casting: Iskenderun's Mystic Blast (safe; 0% risk of failure)
Confirm with . or Enter, or press ? or * to list all spells.
Aiming: Iskenderun's Mystic Blast (safe; 0% risk of failure)
Press: ? - help, Shift-Dir - straight line, f/p - wyvern
Aim: a wyvern (severely wounded)
The orb of energy hits the wyvern!!
You kill the wyvern!
Vehumet accepts your kill.
You feel your power returning.
You feel sick. The water moccasin bites you.
* * * LOW HITPOINT WARNING * * *
The wyvern hisses menacingly.
The wyvern bites you!
You die...

###.## #.#.P# #
#...#
###.#...###
#....<....####
#.#..P#...÷...##
#.P..###..P#.#
#..P.# ##S..#
##..P #@ll####
#...P ###s...#
###.. #.†...#
... .<..†....
..........
.Y.H.......
.YY.........
...lS........
#.Y...........


You could see a water moccasin, 2 wyverns and a redback.

Vanquished Creatures
  Snorg (D:10)
  Josephine (Lair:5)
  3 hydras
  19 death yaks
  A cyclops (D:10)
  Joseph (D:10)
  5 elephants
  4 black mambas
  11 cane toads
  6 komodo dragons
  2 hornets
  24 blink frogs
  10 hippogriffs
  2 slime creatures (D:10)
  A spriggan (D:7)
  16 yaks
  5 wraiths (Lair:5)
  6 wyverns
  3 basilisks
  2 hungry ghosts
  3 wargs (D:8)
  8 water moccasins
  6 crocodiles
  5 porcupines
  Duvessa (D:5)
  A sky beast (D:4)
  An ice beast (D:7)
  5 ogres
  An eye of draining (D:10)
  A phantom (D:7)
  A necrophage (D:9)
  5 centaurs
  11 wolves
  13 bullfrogs
  Dowan (D:5)
  6 killer bees (D:10)
  2 howler monkeys
  7 electric eels (D:9)
  A centaur zombie (D:5)
  2 crimson imps
  5 hounds
  5 jellies (Lair:5)
  5 orc priests
  2 iguanas
  3 orc wizards
  6 worker ants
  8 mummies (Ossuary)
  9 adders
  2 river rats (Sewer)
  An ooze (Lair:5)
  An adder zombie (D:7)
  4 worms
  9 dart slugs
  30 orcs
  8 ball pythons
  7 giant cockroaches
  7 hobgoblins
  18 jackals
  7 kobolds
  6 quokkas
  3 bats
  10 frilled lizards
  2 gnoll zombies (Ossuary)
  4 goblins
  A hobgoblin zombie (Ossuary)
  A jackal skeleton (D:5)
  2 kobold zombies (Ossuary)
  3 orc zombies (Ossuary)
  A quokka skeleton (D:3)
  14 rats
  3 fungi
391 creatures vanquished.

Vanquished Creatures (others)
  A bush (Lair:6)
  17 fungi
  33 plants
51 creatures vanquished.

Grand Total: 442 creatures vanquished

Notes
Turn   | Place    | Note
-------+----------+-------------------------------------------
     0 | D:1      | Dyss the Fairy Conjurer began the quest for the Orb.
     0 | D:1      | Reached XP level 1. HP: 11/11 MP: 6/6
    21 | D:1      | Reached skill level 5 in Conjurations
    89 | D:1      | Reached XP level 2. HP: 14/17 MP: 7/7
   493 | D:1      | Reached XP level 3. HP: 17/21 MP: 9/9
   498 | D:1      | Learned a level 3 spell: Iskenderun's Mystic Blast
   536 | D:1      | Reached skill level 6 in Conjurations
  1462 | D:2      | Reached XP level 4. HP: 19/27 MP: 7/10
  1715 | D:2      | Found a shimmering blue altar of Sif Muna.
  2003 | D:3      | Found a blossoming altar of Fedhas.
  2039 | D:3      | Reached skill level 7 in Conjurations
  2048 | D:3      | Reached XP level 5. HP: 31/31 MP: 1/11
  2248 | D:3      | Reached skill level 8 in Conjurations
  2794 | D:3      | Reached XP level 6. HP: 36/36 MP: 8/12
  2908 | D:3      | Found a burning altar of Makhleb.
  3039 | D:4      | Found Yntah's Armour Shoppe.
  3191 | D:4      | Noticed a sky beast
  3199 | D:4      | Killed a sky beast
  3199 | D:4      | Reached skill level 9 in Conjurations
  3434 | D:4      | Found a glowing drain.
  3698 | Sewer    | Entered a sewer
  3761 | Sewer    | Reached XP level 7. HP: 41/41 MP: 10/13
  4159 | D:5      | Entered Level 5 of the Dungeon
  4212 | D:5      | Reached skill level 10 in Conjurations
  4353 | D:5      | Found a white marble altar of Elyvilon.
  4354 | D:5      | Noticed Duvessa
  4354 | D:5      | Noticed Dowan
  4356 | D:5      | Killed Duvessa
  4361 | D:5      | Killed Dowan
  4505 | D:5      | Reached skill level 11 in Conjurations
  4556 | D:5      | Found a stormy altar of Qazlal.
  4559 | D:5      | Reached XP level 8. HP: 46/46 MP: 9/14
  4609 | D:5      | Found an ornate altar of the Wu Jian Council.
  4809 | D:5      | Found a shattered altar of Ashenzari.
  4863 | D:5      | Reached skill level 12 in Conjurations
  4949 | D:5      | Found an ornate altar of the Wu Jian Council.
  5247 | D:6      | Noticed a hippogriff
  5250 | D:6      | Killed a hippogriff
  5250 | D:6      | Reached skill level 13 in Conjurations
  5467 | D:6      | Found an opulent altar of Gozag.
  5504 | D:6      | Found a staircase to the Ecumenical Temple.
  5526 | Temple   | Entered the Ecumenical Temple
  5839 | Temple   | Became a worshipper of Vehumet
  6297 | D:7      | Found Onuet's Magic Scroll Boutique.
  6374 | D:7      | Reached XP level 9. HP: 51/51 MP: 5/15
  6544 | D:7      | Reached skill level 14 in Conjurations
  6609 | D:7      | Learned a level 5 spell: Irradiate
  6733 | D:7      | Found a sand-covered staircase.
  6739 | Ossuary  | Entered an ossuary
  6783 | Ossuary  | Reached * piety under Vehumet
  6783 | Ossuary  | Offered knowledge of Freeze by Vehumet.
  7059 | D:7      | Reached skill level 1 in Fighting
  7095 | D:7      | Reached skill level 1 in Transmutations
  7199 | D:7      | Found an iron altar of Okawaru.
  7199 | D:7      | Found a corrupted altar of Lugonu.
  7222 | D:7      | Found a shattered altar of Ashenzari.
  7756 | D:8      | Found a staircase to the Lair.
  7967 | D:8      | Reached XP level 10. HP: 61/61 MP: 15/18
  8070 | D:8      | Found a hide-covered altar of Uskayaw.
  8374 | D:8      | Found Heblilla's General Store.
  8375 | D:8      | Found Epufac's Antique Weapon Boutique.
  8376 | D:8      | Found Hewno Dau's Food Boutique.
  8376 | D:8      | Found Luci's General Store.
  8676 | D:9      | Reached skill level 5 in Dodging
  9125 | D:9      | Reached skill level 15 in Conjurations
  9748 | D:10     | Entered Level 10 of the Dungeon
  9770 | D:10     | Reached skill level 5 in Spellcasting
  9910 | D:10     | Noticed Joseph
  9923 | D:10     | HP: 3/63 [Joseph/+0 quarterstaff (8)]
  9927 | D:10     | Killed Joseph
 10123 | D:10     | Noticed Snorg
 10132 | D:10     | Killed Snorg
 10390 | D:10     | Found Guxzyar's Gadget Boutique.
 10418 | D:10     | Offered knowledge of Sting by Vehumet.
 10423 | D:10     | Reached ** piety under Vehumet
 10608 | D:10     | Noticed a cyclops
 10611 | D:10     | Killed a cyclops
 10611 | D:10     | Reached XP level 11. HP: 69/69 MP: 14/22
 10991 | Lair:1   | Entered Level 1 of the Lair of Beasts
 11170 | Lair:1   | Reached skill level 16 in Conjurations
 11335 | Lair:1   | Noticed an eight-headed hydra
 11343 | Lair:1   | Killed an eight-headed hydra
 11343 | Lair:1   | Reached skill level 5 in Transmutations
 11889 | Lair:1   | Reached skill level 5 in Fighting
 12519 | Lair:2   | Reached XP level 12. HP: 77/77 MP: 12/25
 12825 | Lair:2   | Reached skill level 17 in Conjurations
 12847 | Lair:2   | Offered knowledge of Stone Arrow by Vehumet.
 13300 | Lair:3   | Found a staircase to the Shoals.
 14252 | Lair:4   | Reached *** piety under Vehumet
 14673 | Lair:4   | Offered knowledge of Sticky Flame by Vehumet.
 14759 | Lair:4   | Noticed a death yak
 14759 | Lair:4   | Noticed a death yak
 14759 | Lair:4   | Noticed a death yak
 14760 | Lair:4   | Noticed a death yak
 14762 | Lair:4   | Killed a death yak
 14763 | Lair:4   | Noticed a death yak
 14765 | Lair:4   | Noticed a death yak
 14769 | Lair:4   | Killed a death yak
 14771 | Lair:4   | Killed a death yak
 14771 | Lair:4   | Reached skill level 10 in Dodging
 14771 | Lair:4   | Reached XP level 13. HP: 82/85 MP: 8/28
 14774 | Lair:4   | Reached skill level 18 in Conjurations
 14949 | Lair:4   | Got a pair of spiked boots
 14990 | Lair:4   | Found a staircase to the Snake Pit.
 15335 | Lair:4   | Reached **** piety under Vehumet
 15690 | Lair:4   | Identified the +0 pair of boots "Ekecrel" {Str+4} (You
                  | found it on level 4 of the Lair of Beasts)
 15772 | Lair:5   | Offered knowledge of Lightning Bolt by Vehumet.
 15924 | Lair:5   | Noticed Josephine
 15941 | Lair:5   | Killed Josephine
 16071 | Lair:5   | Reached skill level 10 in Spellcasting
 16339 | Lair:5   | Got a jewelled spear
 16410 | Lair:5   | Identified the +5 spear "Uddiuh" {venom, Int+3} (You found
                  | it on level 5 of the Lair of Beasts)
 16473 | Lair:5   | Found a viscous altar of Jiyva.
 16474 | Lair:5   | Found a staircase to the Slime Pits.
 16476 | Lair:5   | Found a viscous altar of Jiyva.
 16774 | Lair:6   | Entered Level 6 of the Lair of Beasts
 17038 | Lair:6   | Reached XP level 14. HP: 63/93 MP: 26/30
 17047 | Lair:6   | Reached skill level 19 in Conjurations
 17056 | Lair:6   | Slain by a wyvern

Skill      XL: |  1  2  3  4  5  6  7  8  9 10 11 12 13 14 |
---------------+-------------------------------------------+-----
Conjurations   | 5 6 7 8 9 11 13 14 15 16 17 18 19 | 19.1
Dodging        | 4 6 8 10 11 | 11.6
Spellcasting   | 4 6 7 9 10 | 10.8
Fighting       | 2 4 5 6 7 8 |  8.1
Transmutations | 2 4 5 7 8 |  8.8
Stealth        | |  1.5

Action                   |  1- 3 |  4- 6 |  7- 9 | 10-12 | 13-15 || total
-------------------------+-------+-------+-------+-------+-------++-------
Melee: Unarmed           |       |       |     1 |       |       ||     1
 Cast: Magic Dart        |    45 |    41 |   102 |    56 |     4 ||   248
       Iskenderun's Myst |    17 |    63 |    98 |   269 |   145 ||   592
       Irradiate         |       |       |       |     1 |     8 ||     9
  Use: Scroll            |       |       |     7 |     6 |       ||    13
       Potion            |       |       |       |     3 |     2 ||     5
  Eat: Chunk             |     1 |     7 |     6 |    17 |     7 ||    38
       Ration            |       |       |     2 |     1 |       ||     3
Armor: Skin              |     1 |     2 |     4 |    12 |     6 ||    25
Dodge: Dodged            |     9 |     7 |    13 |    68 |    40 ||   137
Block: Other             |     2 |     1 |     5 |    31 |    22 ||    61
